 Dungeon Crawl Stone Soup version 0.31-a0-232-gb1c03b2570 (webtiles) character file.

Game seed: 10998940721372417380

280 qw the Shooter (level 6, -7/51 HPs)
             Began as a Minotaur Hexslinger on July 7, 2023.
             Mangled by a gnoll
             ... wielding a +0 halberd
             ... led by a gnoll bouda
              (9 damage)
             ... on level 4 of the Dungeon.
             The game lasted 00:01:05 (2654 turns).

qw the Shooter (Minotaur Hexslinger)                Turns: 2654, Time: 00:01:05

Health: -7/51      AC:  7    Str: 12    XL:     6   Next: 5%
Magic:  6/6        EV: 12    Int: 10    God:
Gold:   207        SH:  0    Dex: 15    Spells: 6/7 levels left

rFire   . . .        Y - +2 sling (flame)
rCold   . . .        (no shield)
rNeg    . . .        n - +0 leather armour
rPois   +            f - +2 hat
rElec   .            (no cloak)
rCorr   .            b - +0 pair of gloves
SInv    .            a - +0 pair of boots of Failure {rPois}
Will    .....        (no amulet)
Stlth   +            (no ring)
HPRegen 0.28/turn    (no ring)
MPRegen 0.10/turn

%: no passive effects
@: no status effects
A: horns 2, retaliatory headbutt
a: no special abilities


You were on level 4 of the Dungeon.
You visited 1 branch of the dungeon, and saw 4 of its levels.

You collected 207 gold pieces.


Innate Abilities, Weirdness & Mutations

You have a pair of horns on your head.
You reflexively headbutt those who attack you in melee.


   Skills:
 + Level 3.4 Fighting
 - Level 6.0 Ranged Weapons
 - Level 1.8 Armour
 - Level 2.1 Dodging
 - Level 1.0 Spellcasting
 - Level 2.0 Hexes


You had 6 spell levels left.
You knew the following spells:

 Your Spells              Type           Power      Damage    Failure   Level
a - Slow                  Hex            16%        N/A       19%         1

Your spell library contained the following spells:

 Spells                   Type           Power      Damage    Failure   Level
 Inner Flame              Hex/Fire       2%         N/A       65%         3
 Portal Projectile        Hex/Tloc       4%         N/A       65%         3
 Cause Fear               Hex            2%         N/A       88%         4

Inventory:

Hand Weapons
 Y - a +2 sling of flaming (weapon)
Armour
 a - the +0 pair of boots of Failure (worn) {rPois}
   (You acquired it on level 1 of the Dungeon)

   rPois:     It protects you from poison.
 b - a +0 pair of gloves (worn)
 f - a +2 hat (worn)
 n - a +0 leather armour (worn)
Scrolls
 l - a scroll of identify
Potions
 c - a potion of curing
 d - a potion of enlightenment
 g - a potion of lignification {unknown}
 j - a potion of berserk rage {unknown}
 k - 2 potions of might

Dungeon Overview and Level Annotations

Branches:
Dungeon (4/15)
 Temple: D:4-7

Altars:
Sif Muna
Xom

Shops:
D:1 !


Message History

The gnoll bouda hits you with a +0 whip!
You shoot a sling bullet. The sling bullet hits the gnoll.
The sling bullet burns the gnoll.
The gnoll is almost dead.
The gnoll hits you with a +0 whip!
The gnoll hits you from afar with a +0 halberd.
The gnoll bouda hits you with a +0 whip.
The gnoll closely misses you. You furiously retaliate!
You headbutt the gnoll, but do no damage.
2649 ||| DRINKING potion of heal wounds.
You feel much better.
The gnoll hits you from afar with a +0 halberd!
The gnoll bouda barks out a call to the hunt!
The gnolls pick up the pace!
The gnoll hits you but does no damage.
You shoot a sling bullet. The sling bullet hits the gnoll.
The sling bullet burns the gnoll.
You kill the gnoll!
The gnoll barely misses you.
The gnoll bouda hits you with a +0 whip!
The gnoll closely misses you.
The gnoll bouda hits you but does no damage.
You shoot a sling bullet.
The sling bullet barely misses the gnoll bouda.
The gnoll misses you.
The gnoll bouda hits you with a +0 whip.
You shoot a sling bullet.
The sling bullet barely misses the gnoll bouda.
The gnoll closely misses you.
The gnoll bouda hits you with a +0 whip.
You shoot a sling bullet.
The sling bullet hits the gnoll bouda but does no damage.
The gnoll bouda is heavily wounded.
The gnoll barely misses you.
The gnoll bouda hits you with a +0 whip.
You shoot a sling bullet. The sling bullet hits the gnoll bouda.
The sling bullet burns the gnoll bouda.
The gnoll bouda is severely wounded.
The gnoll hits you from afar with a +0 halberd!
You die...

##..## ##..#
..gg# ##.##
....# ##.##
.....# #..##
.g..# ##..##
#....#
##..##.....#
##g)#.....#
#.@)gg....#
.......#####...#
......# #..
...... ......
..... ..... ....


You could see a gnoll bouda and 2 gnolls.

Vanquished Creatures
  A phantom (D:3)
  A hound (D:4)
  An iguana (D:4)
  Terence (D:3)
  4 gnolls
  A white imp (D:4)
  3 orcs (D:4)
  6 endoplasms
  4 giant cockroaches
  15 goblins
  4 hobgoblins
  8 jackals
  10 kobolds
  6 ball pythons
  2 bats
  3 frilled lizards
  12 rats
82 creatures vanquished.

Notes
Turn   | Place    | Note
-------+----------+-------------------------------------------
     0 | D:1      | qw the Minotaur Hexslinger began the quest for the Orb.
     0 | D:1      | Reached XP level 1. HP: 16/16 MP: 1/1
     0 | D:1      | 0 ||| qw: Version: 0.3-a-46-gb1f654a
     0 | D:1      | 0 ||| qw: Game counter: 2327
     0 | D:1      | 0 ||| qw: Melee chars always use a shield: true
     0 | D:1      | 0 ||| qw: God list: Okawaru
     0 | D:1      | 0 ||| qw: Allow faded altars: false
     0 | D:1      | 0 ||| qw: Do Orc after clearing Dungeon:15 true
     0 | D:1      | 0 ||| qw: Do second Lair branch before Depths: true
     0 | D:1      | 0 ||| qw: Lair rune preference: random
     0 | D:1      | 0 ||| qw: Goals: Normal
     0 | D:1      | 0 ||| PLANNING D:1-11
   158 | D:1      | Found Sileimmy's Distillery.
   168 | D:1      | 168 ||| SHOPLISTING potion of enlightenment (55 gold, have
                  | 22).
   168 | D:1      | 168 ||| SHOPLISTING potion of haste (110 gold, have 22).
   168 | D:1      | 168 ||| SHOPLISTING potion of heal wounds (55 gold, have
                  | 22).
   168 | D:1      | 168 ||| SHOPLISTING potion of mutation (88 gold, have 22).
   188 | D:1      | Reached skill level 3 in Ranged Weapons
   189 | D:1      | Reached XP level 2. HP: 23/23 MP: 2/2
   497 | D:1      | Reached XP level 3. HP: 18/29 MP: 3/3
   721 | D:1      | 721 ||| UPGRADING to +2 hat.
   726 | D:1      | 726 ||| READING scroll labelled WIQUSM RELAX.
   727 | D:1      | 727 ||| READING scroll labelled JOQ MANLER GER.
   728 | D:1      | 728 ||| READING scroll labelled NOCYAD ALADA.
   729 | D:1      | 729 ||| READING 2 scrolls labelled HIS TUUSICA.
   729 | D:1      | Identified 2 scrolls of acquirement
   729 | D:1      | 729 ||| ACQUIRING +0 pair of boots of Failure {rPois}
   729 | D:1      | Acquired the +0 pair of boots of Failure {rPois}
   731 | D:1      | 731 ||| UPGRADING to +0 pair of boots of Failure {rPois}.
   736 | D:1      | 736 ||| READING scroll of acquirement.
   736 | D:1      | 736 ||| ACQUIRING +1 sling of flaming
   736 | D:1      | Acquired a +1 sling of flaming
   738 | D:1      | 738 ||| SWAPPING to +1 sling of flaming.
   739 | D:1      | 739 ||| DROPPING +1 sling.
   740 | D:1      | 740 ||| READING scroll labelled MEUVIROSEU.
   743 | D:1      | 743 ||| READING scroll labelled OFUHIOHOEPP.
   744 | D:1      | 744 ||| DRINKING 2 bubbling white potions.
   745 | D:1      | 745 ||| DROPPING scroll of poison.
   812 | D:2      | Found a faded altar of an unknown god.
   901 | D:2      | Reached skill level 4 in Ranged Weapons
   901 | D:2      | 901 ||| FLEEEEING.
   902 | D:2      | 902 ||| FLEEEEING.
   903 | D:2      | 903 ||| FLEEEEING.
   904 | D:2      | 904 ||| FLEEEEING.
  1056 | D:2      | Found a shimmering altar of Xom.
  1467 | D:2      | 1467 ||| UPGRADING to +0 pair of gloves.
  1472 | D:2      | 1472 ||| UPGRADING to +0 leather armour.
  1482 | D:2      | 1482 ||| DROPPING +0 robe.
  1483 | D:2      | 1483 ||| READING scroll labelled UKHIEDW IREEL.
  1484 | D:2      | 1484 ||| READING scroll labelled ZUOSYGE UREEPI.
  1485 | D:2      | 1485 ||| STAIRDANCE
  1538 | D:1      | 1538 ||| READING 2 scrolls of identify.
  1538 | D:1      | 1538 ||| IDENTIFYING fuming puce potion
  1564 | D:3      | Noticed a phantom
  1574 | D:3      | Killed a phantom
  1575 | D:3      | Reached skill level 5 in Ranged Weapons
  1575 | D:3      | Reached XP level 4. HP: 36/36 MP: 4/4
  1728 | D:3      | 1728 ||| DRINKING 2 bubbling grey potions.
  1729 | D:3      | 1729 ||| READING 2 scrolls of identify.
  1729 | D:3      | 1729 ||| IDENTIFYING black potion
  1730 | D:3      | 1730 ||| DROPPING potion of brilliance.
  1796 | D:3      | Reached XP level 5. HP: 41/41 MP: 5/5
  2169 | D:3      | Noticed Terence
  2175 | D:3      | Killed Terence
  2176 | D:3      | Reached skill level 3 in Fighting
  2176 | D:3      | 2176 ||| STAIRDANCE
  2472 | D:3      | 2472 ||| READING 2 scrolls of identify.
  2472 | D:3      | 2472 ||| IDENTIFYING brown potion
  2502 | D:4      | Reached skill level 1 in Armour
  2529 | D:4      | HP: 11/45 [orc/+0 trident (1)]
  2530 | D:4      | 2530 ||| READING scroll of teleportation.
  2531 | D:4      | 2531 ||| DRINKING potion of heal wounds.
  2552 | D:4      | Reached skill level 6 in Ranged Weapons
  2590 | D:4      | Found a shimmering blue altar of Sif Muna.
  2634 | D:4      | 2634 ||| Stepping ~*~*~tactically~*~*~ (outnumbered).
  2641 | D:4      | Reached XP level 6. HP: 31/51 MP: 6/6
  2648 | D:4      | HP: 9/51 [gnoll/+0 whip[a gnoll bouda] (7)]
  2648 | D:4      | HP: 1/51 [gnoll bouda/+0 whip (4)]
  2649 | D:4      | 2649 ||| DRINKING potion of heal wounds.
  2653 | D:4      | HP: 2/51 [gnoll bouda/+0 whip (6)]
  2654 | D:4      | Mangled by a gnoll

Levels and vault maps discovered:
D:1:      nagdon_arrival_double_spiral, layout_basic, serial_shops, shop,
          glass_columns_b, minmay_box_of_dots
D:2:      cheibrodos_greedy_goblins, layout_loops_ring, basic_ecumenical_altar,
          basic_altar
D:3:      layout_basic, minmay_liquid_box, uniq_terence
D:4:      layout_cave_pods, mainiacjoe_overflow_boulevard, serial_column_ruins,
          column_ruins_hut_ruined, column_ruins_open_small,
          column_ruins_open_small_water, column_ruins_open_tiny, serial_shops,
          nicolae_shop_window_shopping, kennysheep_big_empty_room,
          minmay_rat_hole

Skill      XL: |  1  2  3  4  5 |
---------------+----------------+-----
Ranged Weapons | 3 5 6 |  6.0
Fighting       | 2 3 |  3.4
Armour         | 1 |  1.8
Dodging        | |  2.1
Spellcasting   | |  1.0
Hexes          | |  2.0

Action                     |  1- 3 |  4- 6 || total
---------------------------+-------+-------++-------
   Fire: Sling             |   133 |   104 ||   237
    Use: Scroll            |    10 |     3 ||    13
         Potion            |     1 |     3 ||     4
 Armour: Robe              |    14 |       ||    14
         Leather armour    |     2 |    22 ||    24
  Dodge: Dodged            |    41 |    58 ||    99

Table legend:
 A = Non-vault XP
 B = Vault XP
 C = Vault XP percentage of total XP
 D = Non-vault monster count
 E = Vault monster count
 F = Vault count percentage of total count
                 A         B        C        D         E       F
            +---------+---------+-------+---------+---------+-------
      Total |     337 |      63 |  15.8 |      64 |      18 |  22.0
            +---------+---------+-------+---------+---------+-------
        D:1 |      40 |       6 |  13.0 |      17 |       3 |  15.0
        D:2 |      27 |      15 |  35.7 |      17 |       8 |  32.0
        D:3 |     127 |      36 |  22.1 |      18 |       1 |   5.3
        D:4 |     143 |       6 |   4.0 |      12 |       6 |  33.3
            +---------+---------+-------+---------+---------+-------
